 Dungeon Crawl Stone Soup version 0.29-a0-322-g68df515428 (console) character file.

Game seed: 3124621710093120621

276264 Ignak the Eclecticist (level 20, -3/161 HPs)
             Began as a Gnoll Hedge Wizard on Apr 7, 2022.
             Was a Priest of Sif Muna.
             Killed from afar by a deep elf sorcerer (16 damage)
             ... with a bolt of acid
             ... on level 3 of the Elven Halls.
             The game lasted 04:07:33 (59394 turns).

Ignak the Eclecticist (Gnoll Hedge Wizard)         Turns: 59394, Time: 04:07:38

Health: -3/161     AC: 17    Str: 12    XL:     20   Next: 36%
Magic:  16/39      EV: 14    Int: 21    God:    Sif Muna [***...]
Gold:   4184       SH:  9    Dex:  6    Spells: 5/49 levels left

rFire   + . .      SeeInvis +   b - +5 quick blade (drain)
rCold   + . .      Faith    .   s - +3 buckler {rN+}
rNeg    + + .      Spirit   .   p - +4 troll leather armour
rPois   +          Reflect  .   (no helmet)
rElec   .          Harm     .   X - scarf {rC+ rF+}
rCorr   +          Rampage  .   w - +2 pair of gloves
Will    ++...                   C - +2 pair of boots
Stlth   +++++.....              L - amulet "Ydeuc" {RegenMP rN+ rCorr}
HPRegen 1.16/turn               U - ring "Zostakir" {rPois Will+ Dex-5 SInv}
MPRegen 0.66/turn               V - ring of wizardry

@: death channelling, calling dragons, channelling, studying Fighting, unable to
read
A: fangs 1, strong nose, distributed training, see invisible, deterioration 1,
wild magic 1, inability to read while threatened
}: 2/15 runes: decaying, gossamer
a: Renounce Religion, Channel Magic, Forget Spell


You were on level 3 of the Elven Halls.
You worshipped Sif Muna.
Sif Muna was most pleased with you.
You visited 7 branches of the dungeon, and saw 35 of its levels.

You collected 6856 gold pieces.
You spent 2672 gold pieces at shops.

Inventory:

Hand Weapons
 a - a +3 rapier of electrocution
 b - a +5 quick blade of draining (weapon)
 g - a +0 fustibalus of flaming
 G - the +7 trident "Suoxagofy" {freeze, rElec Int+4}
   (You found it on level 9 of the Dungeon)

   It freezes those it strikes, dealing additional cold damage.
   It can also slow down cold-blooded creatures.
   Int:       It affects your intelligence (+4).
   rElec:     It insulates you from electricity.
Missiles
 h - 62 poisoned darts (quivered)
Armour
 f - a +2 helmet
 i - an orb of light
 p - a +4 troll leather armour (worn)
 s - a +3 buckler of positive energy (worn)
 w - a +2 pair of gloves (worn)
 C - a +2 pair of boots (worn)
 R - the +4 skin of Zhor {*Englaciate rC+++ SInv}
   (You found it on level 5 of the Lair of Beasts)

   It radiates cold, occasionally slowing all nearby creatures who are not
   resistant to cold.
   rC:        It renders you almost immune to cold.
   SInv:      It lets you see invisible.
 X - a scarf of resistance (worn)
Magical Staves
 e - a staff of cold
Jewellery
 y - a ring of flight
 z - a +4 ring of protection
 A - a ring of fire
 L - the amulet "Ydeuc" (around neck) {RegenMP rN+ rCorr}
   (You acquired it on level 1 of the Lair of Beasts)

   [amulet of magic regeneration]

   It increases your rate of magic regeneration.
   rN:        It protects you from negative energy.
   rCorr:     It protects you from acid and corrosion.
 U - the ring "Zostakir" (left hand) {rPois Will+ Dex-5 SInv}
   (You found it on level 1 of the Elven Halls)

   [ring of see invisible]

   Dex:       It affects your dexterity (-5).
   rPois:     It protects you from poison.
   SInv:      It lets you see invisible.
   Will:      It increases your willpower.
 V - a ring of wizardry (right hand)
Wands
 c - a wand of flame (66)
 o - a wand of polymorph (26)
 r - a wand of acid (6)
 I - a wand of iceblast (20)
 J - a wand of digging (9)
 O - a wand of paralysis (12)
 S - a wand of mindburst (4)
 Y - a wand of charming (5)
Scrolls
 j - 2 scrolls of silence
 k - 3 scrolls of blinking
 m - 8 scrolls of teleportation
 n - 8 scrolls of magic mapping
 q - 2 scrolls of holy word
 t - 3 scrolls of brand weapon
 u - 4 scrolls of fog
 H - a scroll of amnesia
 M - 4 scrolls of fear
 T - 3 scrolls of enchant armour
Potions
 d - 3 potions of magic
 v - 5 potions of flight
 x - 10 potions of curing
 B - 8 potions of ambrosia
 D - 4 potions of heal wounds
 E - 4 potions of invisibility
 F - 2 potions of resistance
 N - 6 potions of brilliance
 P - 2 potions of cancellation
 Q - 5 potions of haste
Miscellaneous
 l - a condenser vane
 W - a phial of floods
 Z - a lightning rod (4/4)


   Skills:
 + Level 14.8 Fighting
 + Level 13.7 Short Blades
 + Level 13.7 Long Blades
 + Level 13.7 Axes
 + Level 13.7 Maces & Flails
 + Level 13.7 Polearms
 + Level 13.7 Staves
 + Level 13.7 Slings
 + Level 13.7 Bows
 + Level 13.7 Crossbows
 + Level 13.7 Throwing
 + Level 13.7 Armour
 + Level 14.4 Dodging
 + Level 14.3 Stealth
 + Level 13.7 Shields
 + Level 13.7 Unarmed Combat
 + Level 15.3 Spellcasting
 + Level 11.8 Conjurations
 + Level 11.6 Hexes
 + Level 11.8 Summonings
 + Level 11.6 Necromancy
 + Level 11.8 Translocations
 + Level 11.6 Transmutations
 + Level 11.6 Fire Magic
 + Level 11.6 Ice Magic
 + Level 11.6 Air Magic
 + Level 11.6 Earth Magic
 + Level 11.6 Poison Magic
 + Level 14.8 Invocations
 + Level 13.7 Evocations


You had 5 spell levels left.
You knew the following spells:

 Your Spells              Type           Power      Damage    Failure   Level
a - Ozocubu's Refrigerat  Ice            35%        4d12      21%         7
b - Blink                 Tloc           100%       N/A       1%          2
c - Death Channel         Necr           35%        N/A       4%          6
d - Mephitic Cloud        Conj/Pois/Air  71%        N/A       1%          3
e - Summon Lightning Spi  Summ/Air       71%        N/A       1%          4
f - Ignite Poison         Fire/Tmut/Pois 71%        N/A       1%          3
g - Enfeeble              Hex            35%        N/A       21%         7
q - Summon Cactus Giant   Summ           36%        N/A       4%          6
t - Passwall              Tmut/Erth      59%        N/A       1%          2
z - Olgreb's Toxic Radia  Pois           71%        N/A       1%          4

Your spell library contained the following spells:

 Spells                   Type           Power      Damage    Failure   Level
 Apportation              Tloc           100%       N/A       1%          1
 Foxfire                  Conj/Fire      100%       2x1d9     1%          1
 Magic Dart               Conj           100%       1d8       1%          1
 Pain                     Necr           100%       1d9       1%          1
 Slow                     Hex            100%       N/A       1%          1
 Summon Small Mammal      Summ           100%       N/A       1%          1
 Call Imp                 Summ           72%        N/A       1%          2
 Corpse Rot               Necr/Air       100%       N/A       1%          2
 Ensorcelled Hibernation  Hex/Ice        100%       N/A       1%          2
 Poisonous Vapours        Pois/Air       100%       N/A       1%          2
 Searing Ray              Conj           100%       2d8       1%          2
 Call Canine Familiar     Summ           72%        N/A       1%          3
 Conjure Flame            Conj/Fire      71%        6-21      1%          3
 Frozen Ramparts          Ice            100%       1d12      1%          3
 Gell's Gravitas          Tloc           72%        N/A       1%          3
 Inner Flame              Hex/Fire       71%        N/A       1%          3
 Lesser Beckoning         Tloc           72%        N/A       1%          3
 Ozocubu's Armour         Ice            71%        N/A       1%          3
 Portal Projectile        Hex/Tloc       100%       N/A       1%          3
 Summon Guardian Golem    Hex/Summ       71%        N/A       1%          3
 Swiftness                Air            71%        N/A       1%          3
 Teleport Other           Tloc           72%        N/A       1%          3
 Tukima's Dance           Hex            71%        N/A       1%          3
 Anguish                  Hex/Necr       35%        N/A       1%          4
 Animate Armour           Summ/Erth      100%       N/A       1%          4
 Animate Dead             Necr           35%        N/A       1%          4
 Cause Fear               Hex            35%        N/A       1%          4
 Flame Wave               Conj/Fire      71%        2d13      1%          4
 Fulminant Prism          Conj/Hex       35%        3d18      1%          4
 Hailstorm                Conj/Ice       71%        3d15      1%          4
 Ice Form                 Ice/Tmut       71%        N/A       1%          4
 Leda's Liquefaction      Hex/Erth       35%        N/A       1%          4
 Petrify                  Tmut/Erth      71%        N/A       1%          4
 Sticky Flame             Conj/Fire      71%        2d8       1%          4
 Summon Ice Beast         Ice/Summ       71%        N/A       1%          4
 Agony                    Necr           71%        N/A       1%          5
 Alistair's Intoxication  Tmut/Pois      47%        N/A       1%          5
 Borgnjor's Vile Clutch   Necr/Erth      35%        N/A       1%          5
 Excruciating Wounds      Necr           35%        N/A       1%          5
 Fireball                 Conj/Fire      35%        3d15      1%          5
 Freezing Cloud           Conj/Ice/Air   35%        6-21      1%          5
 Irradiate                Conj/Tmut      35%        3d25      1%          5
 Lee's Rapid Deconstruct  Erth           35%        3d19*     1%          5
 Lightning Bolt           Conj/Air       35%        1d53      1%          5
 Metabolic Englaciation   Hex/Ice        35%        N/A       1%          5
 Summon Forest            Summ/Tloc      36%        N/A       1%          5
 Summon Mana Viper        Hex/Summ       71%        N/A       1%          5
 Conjure Ball Lightning   Conj/Air       35%        3x3d11    4%          6
 Eringya's Noxious Bog    Tmut/Pois      35%        N/A       4%          6
 Simulacrum               Ice/Necr       35%        N/A       4%          6
 Statue Form              Tmut/Erth      47%        N/A       4%          6
 Monstrous Menagerie      Summ           36%        N/A       19%         7
 Orb of Destruction       Conj           36%        9d11      19%         7
 Spellforged Servitor     Conj/Summ      36%        N/A       19%         7
 Summon Hydra             Summ           36%        N/A       19%         7
 Dragon Form              Tmut           35%        N/A       21%         7
 Storm Form               Tmut/Air       35%        N/A       21%         7
 Discord                  Hex            35%        N/A       77%         8
 Ignition                 Fire           35%        3d11      77%         8
 Dragon's Call            Summ           36%        N/A       100%        9
 Polar Vortex             Ice            35%        N/A       100%        9


Dungeon Overview and Level Annotations

Branches:
Dungeon (15/15)            Temple (1/1) D:5            Lair (6/6) D:11
  Swamp (4/4) Lair:3       Spider (4/4) Lair:3        Slime (0/5) Lair:5
    Orc (2/2) D:11            Elf (3/3) Orc:2        Vaults (0/5) D:14
 Depths (0/4) D:15

Altars:
Ashenzari
Cheibriados
Dithmenos
Elyvilon
Fedhas
Gozag
Hepliaklqana
Kikubaaqudgha
Makhleb
Nemelex Xobeh
Okawaru
Qazlal
Ru
Sif Muna
Trog
Uskayaw
Vehumet
Wu Jian
Yredelemnul
Zin
The Shining One
Jiyva

Shops:
D:2 [   D:8 ?   D:14 *   Orc:2 **((   Elf:1 :

Annotations:
D:11 1 runed translucent door, Colgate's ghost, journeyman NaAr


Innate Abilities, Weirdness & Mutations

You have very sharp teeth.
Your uncanny sense of smell can sniff out nearby items.
Your experience applies equally to all skills.
You have supernaturally acute eyesight. (SInv)
Your body sometimes deteriorates upon taking damage.
Your spells are a little harder to cast, but a little more powerful.
You sometimes lose the ability to read scrolls when taking damage.


Message History

The ghostly deep elf high priest mumbles some strange prayers to its god against you.
Something smites you!
* * * LOW HITPOINT WARNING * * *
Your spectral deep elf high priest hits the ghostly deep elf high priest.
Your spectral deep elf sorcerer hits the ghostly deep elf high priest.
The deep elf archer unwields a +0 dagger.
The deep elf archer wields a +0 longbow.
The deep elf archer shoots an arrow.
The arrow hits your storm dragon!
The deep elf sorcerer gestures wildly while chanting.
The deep elf sorcerer seems to speed up.
Your spectral deep elf annihilator hits the ghostly deep elf high priest.
Your spectral deep elf sorcerer completely misses the ghostly deep elf high priest.
Your quicksilver dragon barely misses the ghostly deep elf high priest.
Your quicksilver dragon claws the ghostly deep elf high priest.
Your golden dragon bites the deep elf sorcerer!
Your golden dragon closely misses the deep elf sorcerer.
Your golden dragon tramples the deep elf sorcerer!
The deep elf sorcerer holds its ground!
You swap places.
A dragon arrives to answer your call!
Your quicksilver dragon closely misses the ghostly deep elf high priest.
Your quicksilver dragon claws the ghostly deep elf high priest.
The ghostly deep elf high priest mumbles some strange prayers to its god against you.
Something smites you!
* * * LOW HITPOINT WARNING * * *
Your spectral deep elf high priest closely misses the ghostly deep elf high priest.
Your spectral deep elf sorcerer hits the ghostly deep elf high priest.
Your spectral deep elf annihilator hits the ghostly deep elf high priest.
Your spectral deep elf sorcerer hits the ghostly deep elf high priest.
The deep elf high priest hits your spectral deep elf sorcerer with a +0 long sword.
Your spectral deep elf sorcerer hits the ghostly deep elf high priest.
Something hits your quicksilver dragon but does no damage.
The deep elf sorcerer points at you and mumbles some strange words.
The bolt of acid hits the deep elf high priest!!!!
The acid corrodes the deep elf high priest!
The deep elf high priest dies!
The bolt of acid hits your spectral deep elf sorcerer!!!
The bolt of acid hits your spectral deep elf blademaster!!!
The acid corrodes your spectral deep elf blademaster!
The bolt of acid hits you! You resist.
You die...

.......).......+
##..
##.####.####.###
##. ###+ ###'##
#.# ##
.....#...)## #
#.........†.##
.........)...#
#########...##
##)## #@# ##)##
#ZZ)# #ZZZ.)#
#)eeZZ))#
#eD)DZ).))#
#D..........#
#.D..Z.#......#
..e..)# #......


You could see a deep elf death mage (empowered, poisoned), a deep elf sorcerer
(fast, empowered, ally target), a ghostly deep elf high priest (distracted, ally
target), a friendly golden dragon (summoned), a friendly storm dragon
(summoned), 2 friendly quicksilver dragons, a friendly spectral deep elf
pyromancer, 2 friendly spectral deep elf high priests, a friendly spectral deep
elf annihilator, 3 friendly spectral deep elf sorcerers, a friendly spectral
deep elf blademaster (corroded) and a friendly spectral deep elf elementalist.

Vanquished Creatures
  Nikola (Swamp:4)
  A deep elf blademaster (Elf:3)
  Frances (Swamp:2)
  Agnes (Spider:4)
  Donald (Swamp:2)
  Roxanne (Spider:3)
  5 deep elf sorcerers
  3 ghost moths (Spider:4)
  An emperor scorpion (Spider:4)
  2 deep elf elementalists (Elf:3)
  6 eleionomae
  4 deep elf demonologists
  An entropy weaver (Spider:3)
  A deep elf annihilator (Elf:3)
  2 bunyips (Swamp:3)
  A spark wasp (Spider:2)
  2 deep elf death magi (Elf:3)
  Snorg (Lair:5)
  A fire dragon (D:11)
  2 deep elf high priests (Elf:3)
  2 ice dragons (Swamp:4)
  Harold (Orc:1)
  A boulder beetle (Lair:4)
  A jorogumo (Spider:4)
  A ghost crab (Swamp:2)
  An ogre mage (Orc:2)
  4 hydras
  4 centaur warriors
  4 merfolk avatars (Swamp:2)
  10 two-headed ogres
  2 radroaches
  3 dancing weapons
  4 death yaks
  4 death scarabs (Spider:4)
  7 alligators
  A deep troll earth mage (D:10)
  A shock serpent (shapeshifter) (D:15)
  4 spriggans
  14 deep elf knights
  A hell knight (D:11)
  6 pharaoh ants
  A sun moth (Spider:1)
  4 goliath frogs
  3 steelbarb worms
  4 skeletal warriors
  Lodul (D:14)
  A spriggan druid (Swamp:2)
  2 bog bodies (Lair:2)
  3 swamp dragons
  9 orb spiders
  8 deep elf archers
  A spectral wolf spider (Spider:4)
  4 wizards
  20 deep elf zephyrmancers
  21 deep elf pyromancers
  12 wolf spiders
  2 necromancers
  An orc knight (D:11)
  2 orc sorcerers
  2 oklob plants
  2 will-o-the-wisps
  A faun (shapeshifter) (Elf:2)
  2 ugly things
  7 cyclopes
  6 manticores
  20 elephants
  A centaur zombie (D:15)
  4 moths of wrath
  A black mamba (shapeshifter) (D:13)
  A naga mage (D:15)
  A torpor snail (Spider:3)
  A gargoyle (D:11)
  9 cane toads
  A centaur skeleton (D:15)
  A rime drake (Lair:5)
  A yaktaur (D:14)
  3 spectral redbacks (Spider:4)
  A ghost moth simulacrum (Spider:1)
  10 komodo dragons
  3 kobold demonologists (D:12)
  An efreet (D:15)
  5 freezing wraiths
  2 demonic crawlers
  A redback zombie (Spider:4)
  9 trolls
  A meliai (D:11)
  5 tyrant leeches
  2 polar bears
  3 spectral jumping spiders (Spider:4)
  A hornet (Swamp:2)
  A spectral culicivora (Spider:4)
  20 tarantellas
  A tarantella zombie (Spider:4)
  A spectral tarantella (Spider:4)
  17 blink frogs
  4 dream sheep (Lair:5)
  7 slime creatures
  2 shadows (D:12)
  An air elemental (Elf:2)
  11 culicivoras
  15 jumping spiders
  4 vampires
  A wraith (D:12)
  A wyvern (D:11)
  3 water elementals
  5 fire elementals
  15 humans (D:14)
  67 yaks
  3 fire bats (Lair:4)
  5 vampire mosquitoes
  4 steam dragons
  28 redbacks
  5 basilisks
  A harpy simulacrum (D:15)
  13 swamp worms
  2 hell hounds (Lair:4)
  4 hydra simulacra (Swamp:4)
  12 water moccasins
  10 orc warriors
  5 black bears
  3 swamp drakes
  2 sky beasts
  2 ice beasts
  18 wolves
  13 ogres
  A boggart (D:11)
  11 centaurs
  A radroach simulacrum (Spider:1)
  3 kobold brigands
  A phantom (D:7)
  11 bullfrogs
  An earth elemental (Elf:3)
  A gnoll sergeant (D:7)
  7 scorpions
  13 wights
  18 killer bees
  6 howler monkeys
  7 nameless horrors
  3 electric eels
  2 lava snakes (D:9)
  3 hounds
  7 orc priests
  A gnoll shaman (D:9)
  An iron imp (D:7)
  2 jellies
  Jessica (D:2)
  2 iguanas
  Natasha (twice) (D:3)
  11 orc wizards
  8 adders
  18 gnolls
  A shadow imp (D:7)
  An ufetubus (D:3)
  3 swamp drake simulacra (Swamp:4)
  5 dart slugs
  47 orcs
  7 endoplasms
  3 giant cockroaches (D:4)
  2 goblins
  7 hobgoblins
  16 kobolds
  5 quokkas
  4 ball pythons
  3 bats (D:2)
  3 frilled lizards
  5 hobgoblin zombies (D:8)
  3 kobold zombies (D:8)
  An orc zombie (D:8)
  3 rats
888 creatures vanquished.

Vanquished Creatures (collateral kills)
  Mara (Swamp:3)
  Arachne (Spider:3)
  The ghost of knorpule3000 the Stormcaller, an adept HuWn of Wu Jian (Swamp:3)
  A thorn hunter (Swamp:3)
  7 emperor scorpions
  3 ghost moths
  The ghost of raistware the Gelid, a journeyman HuIE of Hepliaklqana (Spider:1)
  A broodmother (Spider:3)
  The ghost of EnegeticOcto the Fetichist, a journeyman SpFE of Ashenzari (Swamp:1)
  3 entropy weavers
  A deep elf annihilator (Elf:3)
  2 bunyips
  A deep elf high priest (Elf:3)
  2 vault guards (D:14)
  4 boulder beetles
  A ghost crab (Swamp:3)
  An ogre mage (Orc:2)
  2 ice dragons (Swamp:4)
  A hydra (D:13)
  A jorogumo (Spider:1)
  3 catoblepae (Lair:6)
  9 two-headed ogres
  4 radroaches
  A centaur warrior (D:14)
  25 dancing weapons
  A death knight (D:15)
  3 death scarabs (Spider:4)
  2 death yaks (Lair:6)
  A tengu warrior (D:13)
  Urug (Lair:6)
  A spectral emperor scorpion (Spider:1)
  5 deep elf knights
  2 steelbarb worms
  7 skeletal warriors (D:15)
  5 pharaoh ants
  A spriggan druid (Swamp:4)
  A spectral spark wasp (Spider:1)
  2 deep trolls (Orc:2)
  3 orb spiders
  A bog body (Swamp:4)
  2 spectral jorogumos
  A lindwurm (Lair:6)
  A swamp dragon (Swamp:1)
  A phantasmal warrior (D:15)
  A deep elf zephyrmancer (Elf:2)
  A spectral radroach (Spider:1)
  2 ugly things
  A deep elf pyromancer (Elf:2)
  6 wolf spiders
  A manticore (Lair:6)
  8 elephants (Lair:6)
  A will-o-the-wisp (Swamp:4)
  2 black mambas
  A guardian serpent (shapeshifter) (D:15)
  A naga mage (D:15)
  A torpor snail (Lair:6)
  A nameless horror (Lair:5)
  2 kobold demonologists (D:12)
  An emperor scorpion simulacrum (Spider:1)
  4 cane toads (Lair:6)
  4 komodo dragons
  A rime drake (Lair:6)
  A spark wasp simulacrum (Spider:1)
  2 ghost moth simulacra (Spider:1)
  2 demonic crawlers (Spider:4)
  2 freezing wraiths (Swamp:4)
  An efreet (D:15)
  A redback zombie (Spider:4)
  5 trolls
  3 meliai (Spider:3)
  A polar bear (Lair:5)
  A spectral culicivora (Spider:4)
  A broodmother simulacrum (Spider:1)
  A jorogumo simulacrum (Spider:1)
  7 tarantellas
  A spectral jumping spider (Spider:4)
  6 slime creatures (D:12)
  A tarantella zombie (Spider:4)
  A jumping spider zombie (Spider:4)
  2 culicivoras
  5 jumping spiders
  3 wraiths
  A vampire (D:13)
  An air elemental (Elf:2)
  A water elemental (Elf:1)
  3 basilisks
  21 yaks
  3 redbacks
  3 humans (D:14)
  8 swamp worms
  2 swamp worm simulacra (Swamp:4)
  4 water moccasins (Lair:6)
  10 hydra simulacra (Swamp:4)
  2 orc warriors (Orc:2)
  A swamp drake (Swamp:1)
  7 ogres (Orc:2)
  2 centaurs (D:14)
  A kobold brigand (D:12)
  A bullfrog (D:6)
  6 necrophages
  A gnoll sergeant (D:12)
  A howler monkey (D:8)
  A crimson imp (D:8)
  3 orc priests
  6 orc wizards
  Natasha (D:3)
  3 gnolls (D:12)
  3 swamp drake simulacra (Swamp:4)
  A worm (D:3)
  10 orcs
  A bat (D:2)
  A hobgoblin (D:1)
  3 kobolds
  A hobgoblin zombie (D:8)
  A rat (D:2)
319 creatures vanquished.

Vanquished Creatures (others)
  A deep elf high priest (Elf:3)
  A hydra (Swamp:4)
  A deep elf archer (Elf:2)
  A deep elf pyromancer (Elf:2)
  A bloated husk (Swamp:4)
  A tyrant leech (Swamp:4)
  A hornet (Swamp:4)
  2 yaks
  55 foxfires
  25 fungi
  66 plants
  2 withered plants (D:11)
157 creatures vanquished.

Grand Total: 1364 creatures vanquished

Notes
Turn   | Place    | Note
-------+----------+-------------------------------------------
     0 | D:1      | Ignak the Gnoll Hedge Wizard began the quest for the Orb.
     0 | D:1      | Reached XP level 1. HP: 13/13 MP: 8/8
   454 | D:1      | Reached XP level 2. HP: 7/19 MP: 6/10
   655 | D:1      | Learned a level 2 spell: Blink
   698 | D:1      | Learned a level 2 spell: Call Imp
   983 | D:1      | Found a faded altar of an unknown god.
  1534 | D:2      | Found Rinnil's Armour Shoppe.
  1785 | D:2      | Noticed Jessica
  2079 | D:2      | Reached XP level 3. HP: 19/25 MP: 8/11
  2085 | D:2      | Learned a level 3 spell: Mephitic Cloud
  2172 | D:2      | Learned a level 1 spell: Foxfire
  2260 | D:2      | Reached skill level 1 in Invocations
  2436 | D:2      | Learned a level 2 spell: Passwall
  2439 | D:2      | Learned a level 2 spell: Ensorcelled Hibernation
  2685 | D:2      | Killed Jessica
  2686 | D:2      | Reached skill level 1 in Fighting
  2686 | D:2      | Reached skill level 1 in Short Blades
  2686 | D:2      | Reached skill level 1 in Long Blades
  2686 | D:2      | Reached skill level 1 in Axes
  2686 | D:2      | Reached skill level 1 in Maces & Flails
  2686 | D:2      | Reached skill level 1 in Polearms
  2686 | D:2      | Reached skill level 1 in Staves
  2686 | D:2      | Reached skill level 1 in Slings
  2686 | D:2      | Reached skill level 1 in Bows
  2686 | D:2      | Reached skill level 1 in Crossbows
  2686 | D:2      | Reached skill level 1 in Throwing
  2686 | D:2      | Reached skill level 1 in Armour
  2686 | D:2      | Reached skill level 1 in Shields
  2686 | D:2      | Reached skill level 1 in Unarmed Combat
  2686 | D:2      | Reached skill level 1 in Evocations
  2686 | D:2      | Reached XP level 4. HP: 32/32 MP: 9/13
  2899 | D:3      | Found a shadowy altar of Dithmenos.
  2933 | D:3      | Reached skill level 1 in Hexes
  2933 | D:3      | Reached skill level 1 in Necromancy
  2933 | D:3      | Reached skill level 1 in Transmutations
  2933 | D:3      | Reached skill level 1 in Fire Magic
  2933 | D:3      | Reached skill level 1 in Ice Magic
  2933 | D:3      | Reached skill level 1 in Air Magic
  2933 | D:3      | Reached skill level 1 in Earth Magic
  2933 | D:3      | Reached skill level 1 in Poison Magic
  3192 | D:3      | Found a broken altar of Ashenzari.
  3221 | D:3      | Found an iron altar of Okawaru.
  3241 | D:3      | Noticed Natasha
  3347 | D:3      | Killed Natasha
  3348 | D:3      | Reached XP level 5. HP: 37/37 MP: 9/14
  4041 | D:3      | Identified the +2 ring mail of Sigyfirph {Int+4}
  4328 | D:3      | Noticed Natasha
  4364 | D:3      | Killed Natasha
  4424 | D:3      | Noticed Natasha
  4434 | D:3      | Killed Natasha
  4601 | D:3      | Learned a level 2 spell: Searing Ray
  4663 | D:3      | Found a hide-covered altar of Uskayaw.
  4989 | D:4      | Found a bloodstained altar of Trog.
  5003 | D:4      | Reached XP level 6. HP: 35/44 MP: 16/16
  5016 | D:4      | Reached skill level 5 in Dodging
  5030 | D:4      | Noticed a black bear
  5042 | D:4      | Killed a black bear
  5460 | D:4      | Noticed a black bear
  5471 | D:4      | Reached XP level 7. HP: 50/50 MP: 15/18
  5688 | D:4      | Learned a level 3 spell: Swiftness
  5750 | D:4      | Reached skill level 5 in Stealth
  5833 | D:4      | Found a sparkling altar of Nemelex Xobeh.
  6377 | D:4      | Gained mutation: You are somewhat resistant to further
                  | mutation. [potion of mutation]
  6444 | D:4      | Reached XP level 8. HP: 57/57 MP: 16/19
  6586 | D:5      | Entered Level 5 of the Dungeon
  6611 | D:5      | Found a staircase to the Ecumenical Temple.
  7016 | D:5      | Reached skill level 8 in Spellcasting
  7424 | Temple   | Entered the Ecumenical Temple
  7582 | Temple   | Became a worshipper of Sif Muna the Loreminder
  7622 | D:5      | Reached XP level 9. HP: 8/65 MP: 18/21
  8181 | D:6      | Got the Volume of the Oath and Confrontation
  9221 | D:7      | HP: 3/65 [poisoned by a water moccasin]
  9224 | D:7      | HP: 1/65 [poisoned by a water moccasin]
  9942 | D:7      | Reached * piety under Sif Muna
 10099 | D:7      | Reached skill level 5 in Invocations
 10142 | D:7      | Learned a level 4 spell: Flame Wave
 10464 | D:7      | Found a sacrificial altar of Ru.
 10618 | D:7      | Found a snail-covered altar of Cheibriados.
 10672 | D:8      | Found Idaeleci's Magic Scroll Shoppe.
 11055 | D:7      | Reached XP level 10. HP: 52/73 MP: 9/22
 11248 | D:8      | Reached skill level 5 in Fighting
 11248 | D:8      | Reached skill level 5 in Short Blades
 11248 | D:8      | Reached skill level 5 in Long Blades
 11248 | D:8      | Reached skill level 5 in Axes
 11248 | D:8      | Reached skill level 5 in Maces & Flails
 11248 | D:8      | Reached skill level 5 in Polearms
 11248 | D:8      | Reached skill level 5 in Staves
 11248 | D:8      | Reached skill level 5 in Slings
 11248 | D:8      | Reached skill level 5 in Bows
 11248 | D:8      | Reached skill level 5 in Crossbows
 11248 | D:8      | Reached skill level 5 in Throwing
 11248 | D:8      | Reached skill level 5 in Armour
 11248 | D:8      | Reached skill level 5 in Shields
 11248 | D:8      | Reached skill level 5 in Unarmed Combat
 11248 | D:8      | Reached skill level 5 in Evocations
 11701 | D:8      | Reached skill level 9 in Spellcasting
 11923 | D:8      | Reached ** piety under Sif Muna
 11982 | D:8      | Found a glowing golden altar of the Shining One.
 12315 | D:9      | Noticed a two-headed ogre
 12344 | D:9      | Killed a two-headed ogre
 12345 | D:9      | Reached skill level 5 in Conjurations
 12345 | D:9      | Reached skill level 5 in Summonings
 12345 | D:9      | Reached skill level 5 in Translocations
 12678 | D:9      | Identified the +7 trident "Suoxagofy" {freeze, rElec Int+4}
 12743 | D:9      | Noticed a two-headed ogre
 12778 | D:9      | Killed a two-headed ogre
 12902 | D:9      | Reached XP level 11. HP: 76/81 MP: 8/24
 13007 | D:9      | Learned a level 4 spell: Olgreb's Toxic Radiance
 13010 | D:9      | Found a hazy altar of Hepliaklqana.
 13059 | D:9      | Reached skill level 5 in Hexes
 13059 | D:9      | Reached skill level 5 in Necromancy
 13059 | D:9      | Reached skill level 5 in Transmutations
 13059 | D:9      | Reached skill level 5 in Fire Magic
 13059 | D:9      | Reached skill level 5 in Ice Magic
 13059 | D:9      | Reached skill level 5 in Air Magic
 13059 | D:9      | Reached skill level 5 in Earth Magic
 13059 | D:9      | Reached skill level 5 in Poison Magic
 13783 | D:10     | Entered Level 10 of the Dungeon
 13993 | D:10     | Noticed a two-headed ogre
 14000 | D:10     | Killed a two-headed ogre
 14696 | D:10     | Reached *** piety under Sif Muna
 15593 | D:11     | Noticed a centaur warrior
 15609 | D:11     | Killed a centaur warrior
 15622 | D:11     | Noticed a two-headed ogre
 15629 | D:11     | Noticed a cyclops
 15636 | D:11     | Noticed a purple ugly thing
 15813 | D:10     | Killed a cyclops
 15929 | D:11     | Killed a purple ugly thing
 15958 | D:11     | Noticed a five-headed hydra
 16034 | D:10     | Killed a five-headed hydra
 16083 | D:11     | Found a staircase to the Lair.
 16092 | D:11     | Noticed a manticore
 16104 | D:11     | Reached skill level 10 in Spellcasting
 16104 | D:11     | Reached XP level 12. HP: 61/89 MP: 3/26
 16237 | D:11     | Noticed a centaur warrior
 16248 | D:11     | Killed a centaur warrior
 16913 | D:11     | Noticed a fire dragon
 16956 | D:11     | Killed a fire dragon
 17311 | D:11     | Noticed a deep troll earth mage
 17926 | D:10     | Killed a deep troll earth mage
 18997 | D:11     | Noticed a two-headed ogre
 19005 | D:11     | Killed a two-headed ogre
 19175 | D:11     | Got the Catalogue of Cankerous Air
 19592 | D:11     | Found a staircase to the Orcish Mines.
 19597 | D:11     | Found a runed translucent door.
 19602 | D:11     | Noticed Colgate's ghost (journeyman NaAr)
 19640 | D:11     | Noticed a hell knight
 19837 | D:11     | Killed a hell knight
 20242 | D:10     | Learned a level 5 spell: Lee's Rapid Deconstruction
 20248 | D:10     | Learned a level 4 spell: Petrify
 20997 | D:11     | Reached XP level 13. HP: 90/98 MP: 1/27
 21361 | Orc:1    | Entered Level 1 of the Orcish Mines
 22017 | Orc:1    | Noticed Harold
 22195 | Orc:1    | Killed Harold
 22420 | Orc:2    | Entered Level 2 of the Orcish Mines
 22422 | Orc:2    | Found Geusuim's Assorted Antiques.
 22814 | Orc:2    | Reached **** piety under Sif Muna
 23080 | Orc:2    | Found Ugrozip's Antique Weapon Boutique.
 23090 | Orc:2    | Reached skill level 11 in Spellcasting
 23311 | Orc:2    | Found a staircase to the Elven Halls.
 23323 | Orc:2    | Found Moklail's Assorted Antiques.
 23328 | Orc:2    | Found Kampaoss's Weapon Shop.
 23906 | Orc:2    | Bought a scroll labelled CYHICZARAO for 23 gold pieces
 23906 | Orc:2    | Bought a scroll of enchant armour for 172 gold pieces
 23906 | Orc:2    | Bought a shiny garnet ring for 115 gold pieces
 23906 | Orc:2    | Bought a scroll labelled RONIN CYZAYL for 23 gold pieces
 23906 | Orc:2    | Bought a scroll labelled CYHICZARAO for 23 gold pieces
 23928 | Orc:2    | Bought a potion of heal wounds for 100 gold pieces
 23930 | Orc:2    | Acquired 711 gold pieces
 24030 | Lair:1   | Entered Level 1 of the Lair of Beasts
 24304 | Lair:1   | Reached skill level 10 in Dodging
 24304 | Lair:1   | Reached XP level 14. HP: 45/106 MP: 8/29
 24697 | Lair:1   | Lost mutation: You are somewhat resistant to further
                  | mutation. [potion of mutation]
 24697 | Lair:1   | Gained mutation: You passively map a small area around you.
                  | [potion of mutation]
 24698 | Lair:1   | Lost mutation: You passively map a small area around you.
                  | [potion of mutation]
 24698 | Lair:1   | Gained mutation: Your flesh is heat resistant. (rF+)
                  | [potion of mutation]
 24698 | Lair:1   | Gained mutation: You tend to lose your temper in combat.
                  | [potion of mutation]
 24698 | Lair:1   | Gained mutation: You are robust. (+10% HP) [potion of
                  | mutation]
 24739 | Lair:1   | Acquired the amulet "Ydeuc" {RegenMP rN+ rCorr}
 25211 | Lair:2   | Reached skill level 10 in Stealth
 25808 | Lair:3   | Found a staircase to the Swamp.
 26049 | Lair:3   | Identified the +6 scale mail "Nucymets" {Harm rC++}
 26094 | Lair:3   | Lost mutation: Your flesh is heat resistant. (rF+) [potion
                  | of mutation]
 26094 | Lair:3   | Lost mutation: You tend to lose your temper in combat.
                  | [potion of mutation]
 26094 | Lair:3   | Lost mutation: You are robust. (+10% HP) [potion of
                  | mutation]
 26242 | Lair:3   | Reached skill level 10 in Invocations
 26246 | Lair:3   | Found a hole to the Spider Nest.
 27137 | Lair:4   | Found a transporter.
 27237 | Lair:4   | Found a transporter.
 27815 | Lair:4   | Reached ***** piety under Sif Muna
 27836 | Lair:4   | Identified the -1 hat of Honesty {rC+}
 28076 | Lair:5   | Noticed Snorg
 28091 | Lair:5   | Killed Snorg
 28409 | Lair:5   | Received a gift from Sif Muna
 28415 | Lair:5   | Got Woynius's Disquisition on the Congealing Escort {god
                  | gift}
 28421 | Lair:5   | Learned a level 4 spell: Summon Lightning Spire
 28442 | Lair:5   | Identified the +0 scale mail of Truth {Will+ Str-4 Int+4}
 28497 | Lair:5   | Found the +4 skin of Zhor {*Englaciate rC+++ SInv}
 28504 | Lair:5   | Reached skill level 12 in Spellcasting
 28639 | Lair:5   | Found a viscous altar of Jiyva.
 28641 | Lair:5   | Found a staircase to the Slime Pits.
 28644 | Lair:5   | Reached XP level 15. HP: 106/115 MP: 23/31
 29717 | Lair:6   | Entered Level 6 of the Lair of Beasts
 30031 | Lair:6   | Reached skill level 10 in Fighting
 30031 | Lair:6   | Reached skill level 10 in Short Blades
 30031 | Lair:6   | Reached skill level 10 in Long Blades
 30031 | Lair:6   | Reached skill level 10 in Axes
 30031 | Lair:6   | Reached skill level 10 in Maces & Flails
 30031 | Lair:6   | Reached skill level 10 in Polearms
 30031 | Lair:6   | Reached skill level 10 in Staves
 30031 | Lair:6   | Reached skill level 10 in Slings
 30031 | Lair:6   | Reached skill level 10 in Bows
 30031 | Lair:6   | Reached skill level 10 in Crossbows
 30031 | Lair:6   | Reached skill level 10 in Throwing
 30031 | Lair:6   | Reached skill level 10 in Armour
 30031 | Lair:6   | Reached skill level 10 in Shields
 30031 | Lair:6   | Reached skill level 10 in Unarmed Combat
 30031 | Lair:6   | Reached skill level 10 in Evocations
 30222 | Lair:6   | Noticed Urug
 30226 | Lair:6   | Killed Urug
 30738 | Lair:6   | Learned a level 6 spell: Summon Cactus Giant
 31892 | Lair:6   | Identified the +6 mace "Buub" {freeze, Int+3}
 32680 | D:12     | Received a gift from Sif Muna
 32883 | D:12     | Reached XP level 16. HP: 118/123 MP: 14/32
 34341 | D:14     | Found Ziwneta's General Store.
 34361 | D:14     | Bought a scroll of blinking for 112 gold pieces
 34361 | D:14     | Bought a scroll of blinking for 112 gold pieces
 34361 | D:14     | Bought a scarf of resistance for 480 gold pieces
 34596 | D:14     | Noticed Lodul
 34607 | D:14     | Killed Lodul
 35113 | D:14     | Found a gate to the Vaults.
 35243 | D:14     | Reached skill level 13 in Spellcasting
 35535 | D:15     | Entered Level 15 of the Dungeon
 35701 | D:15     | Learned a level 7 spell: Ozocubu's Refrigeration
 36642 | D:15     | Found a staircase to the Depths.
 37042 | D:15     | Received a gift from Sif Muna
 37371 | Swamp:1  | Entered Level 1 of the Swamp
 37819 | Spider:1 | Entered Level 1 of the Spider Nest
 37856 | Spider:1 | Acquired 980 gold pieces
 37924 | Spider:1 | Learned a level 6 spell: Statue Form
 37931 | Spider:1 | Found a runed translucent gate.
 37934 | Spider:1 | Found a runed translucent gate.
 37989 | Spider:1 | Found a runed translucent gate.
 38186 | Spider:1 | Reached XP level 17. HP: 110/131 MP: 21/34
 38505 | Spider:1 | Noticed raistware's ghost (journeyman HuIE)
 38550 | Spider:1 | Killed raistware's ghost
 39296 | Spider:2 | Reached skill level 10 in Conjurations
 39296 | Spider:2 | Reached skill level 10 in Summonings
 39296 | Spider:2 | Reached skill level 10 in Translocations
 39871 | Spider:2 | Received a gift from Sif Muna
 39894 | Spider:2 | Got Sif Muna's Disquisition on Earthen Combat Magic {god
                  | gift}
 40932 | Spider:2 | Reached skill level 10 in Hexes
 40932 | Spider:2 | Reached skill level 10 in Necromancy
 40932 | Spider:2 | Reached skill level 10 in Transmutations
 40932 | Spider:2 | Reached skill level 10 in Fire Magic
 40932 | Spider:2 | Reached skill level 10 in Ice Magic
 40932 | Spider:2 | Reached skill level 10 in Air Magic
 40932 | Spider:2 | Reached skill level 10 in Earth Magic
 40932 | Spider:2 | Reached skill level 10 in Poison Magic
 41308 | Spider:3 | Noticed Roxanne
 41375 | Spider:3 | Noticed Arachne
 41429 | Spider:3 | Killed Roxanne
 41480 | Spider:3 | Killed Arachne
 42685 | Spider:4 | Entered Level 4 of the Spider Nest
 42834 | Spider:4 | Received a gift from Sif Muna
 43121 | Spider:4 | Reached XP level 18. HP: 121/140 MP: 26/35
 43597 | Spider:3 | Learned a level 7 spell: Enfeeble
 44907 | Spider:4 | Reached skill level 14 in Spellcasting
 46732 | Spider:4 | Noticed Agnes
 46750 | Spider:4 | Killed Agnes
 48133 | Spider:4 | Got a gossamer rune of Zot
 48419 | Elf:1    | Entered Level 1 of the Elven Halls
 49012 | Elf:1    | Noticed an Ice Fiend
 49106 | Elf:1    | Identified the ring "Zostakir" {rPois Will+ Dex-5 SInv}
 49142 | Elf:1    | Got Mnoleg's Incunabulum of the Escort
 49225 | Elf:1    | Found Toupsuho's Book Shoppe.
 49230 | Elf:1    | Bought a manual of Fighting for 1120 gold pieces
 49230 | Elf:1    | Bought a Trismegistus Codex for 392 gold pieces
 49235 | Elf:1    | Learned a level 3 spell: Ignite Poison
 50314 | Elf:2    | Paralysed by an air elemental for 1 turns
 50369 | Elf:2    | Found a runed translucent gate.
 50374 | Elf:2    | Found a runed translucent gate.
 50374 | Elf:2    | Found a runed translucent gate.
 51563 | Elf:2    | Reached XP level 19. HP: 149/149 MP: 24/37
 53496 | Swamp:1  | Found a large runed translucent door.
 53497 | Swamp:1  | Found a large runed translucent door.
 53500 | Swamp:1  | Noticed EnegeticOcto's ghost (journeyman SpFE)
 53610 | Swamp:1  | Killed EnegeticOcto's ghost
 53618 | Swamp:1  | Identified the +0 ring mail of Peonakk {Drain +Inv rF+
                  | Str+4}
 54364 | Swamp:2  | Noticed Frances
 54372 | Swamp:2  | Killed Frances
 54759 | Swamp:2  | Received a gift from Sif Muna
 54760 | Swamp:2  | Got Sif Muna's Handbook of the Oath and Snow {god gift}
 55403 | Swamp:2  | Identified the +0 kite shield of Disguise {Int+4}
 55403 | Swamp:2  | Noticed Donald
 55414 | Swamp:2  | Killed Donald
 56450 | Swamp:3  | Found a runed translucent door.
 56452 | Swamp:3  | Noticed knorpule3000's ghost (adept HuWn)
 56477 | Swamp:3  | Noticed Mara
 56486 | Swamp:3  | Noticed Ignak's illusion
 56908 | Swamp:3  | Killed knorpule3000's ghost
 56993 | Swamp:3  | Killed Mara
 56994 | Swamp:3  | Reached skill level 15 in Spellcasting
 57230 | Swamp:4  | Entered Level 4 of the Swamp
 57320 | Swamp:4  | Noticed Nikola
 57331 | Swamp:4  | Killed Nikola
 57559 | Swamp:4  | Gained mutation: You are weak. (Str -2) [potion of
                  | mutation]
 57559 | Swamp:4  | Gained mutation: You sometimes lose the ability to read
                  | scrolls when taking damage. [potion of mutation]
 57559 | Swamp:4  | Gained mutation: You have a pair of small horns on your
                  | head. [potion of mutation]
 57560 | Swamp:4  | Lost mutation: You have a pair of small horns on your head.
                  | [potion of mutation]
 57560 | Swamp:4  | Lost mutation: You are weak. (Str -2) [potion of mutation]
 57560 | Swamp:4  | Gained mutation: You have supernaturally acute eyesight.
                  | (SInv) [potion of mutation]
 57560 | Swamp:4  | Gained mutation: Your body sometimes deteriorates upon
                  | taking damage. [potion of mutation]
 57560 | Swamp:4  | Gained mutation: Your spells are a little harder to cast,
                  | but a little more powerful. [potion of mutation]
 58007 | Swamp:4  | Reached XP level 20. HP: 127/159 MP: 22/39
 58572 | Swamp:4  | Got a decaying rune of Zot
 59150 | Elf:3    | Entered Level 3 of the Elven Halls
 59178 | Elf:3    | Learned a level 6 spell: Death Channel
 59368 | Elf:3    | Noticed a Tzitzimitl
 59394 | Elf:3    | Killed from afar by a deep elf sorcerer

Illustrated notes

Levels and vault maps discovered:
D:1:      ncdulo_halloftheorcs, layout_loops_ring,
          hellmonk_ecumenical_altar_lost_god, chequers_arboretum, minmay_tripent
D:2:      layout_loops_cross, serial_shops, nicolae_square_shop, uniq_jessica
D:3:      layout_loops_corners, nicolae_overflow_hidden_temple,
          mainiacjoe_overflow_surrounded_room, mainiacjoe_overflow_brackets,
          nicolae_ashenzari_panopticon, amcnicky_mini_pool_small, st_stairs_6,
          uniq_natasha
D:4:      layout_rooms, nemelex_dance_club_becter, mainiacjoe_overflow_catwalk,
          st_stairs_11, minivault_27, grunt_decor_junction, grunt_ministairs_1,
          kennysheep_generic_room_3
D:5:      layout_cave_pools, minmay_temple_entry_ruins,
          hangedman_decor_clover_reticule
D:6:      layout_cave_pods, serial_column_ruins, column_ruins_open_medium,
          column_ruins_grid_2, column_ruins_grid_1,
          column_ruins_corridor_corner, hex_tiny
D:7:      layout_basic, old_standard_altar, slow_altar_2,
          kennysheep_small_circle
D:8:      layout_rooms, nicolae_tso_besieged_by_evil, serial_shops,
          nicolae_stop_n_shop_2, kennysheep_doodads
D:9:      layout_basic, kennysheep_mini, kennysheep_generic_room_2
D:10:     layout_stronghold
D:11:     nzn_winding_woodlands_large [nzn_winding_woodlands_hourglass,
          nzn_winding_woodlands_5x15_lazy_stream,
          nzn_winding_woodlands_5x5_checkerboard,
          nzn_winding_woodlands_center_triple_pond,
          nzn_winding_woodlands_15x15_thick_spiral,
          nzn_winding_woodlands_center_diamonds,
          nzn_winding_woodlands_5x5_perimeter, nzn_winding_woodlands_5x15_twine,
          nzn_winding_woodlands_5x5_cross], layout_rooms, david_lair_generic,
          gammafunk_ghost_grave, hangedman_decor_points
D:12:     layout_rooms, chequers_serial_rivers_small_3
D:13:     layout_roguey
D:14:     layout_loops_ring, grunt_vaults_entry_tiered, minivault_23,
          serial_shops, shop, uniq_lodul
D:15:     grunt_enter_depths_magical_seal, layout_basic, minivault_4
Temple:   hc_temple_tempest_star
Lair:1:   layout_roguey, serial_bayou_shore_a
Lair:2:   layout_misc_corridors
Lair:3:   layout_roguey, nicolae_swamp_entry_splash_gauntlet,
          spider_nest_entry_a
Lair:4:   gammafunk_cloud_chamber, layout_hall_layers
Lair:5:   dpeg_oklob_gauntlet, layout_layer_cave, slime_altar_1,
          roderic_carrion_pond, uniq_snorg
Lair:6:   evilmike_catoblepas_cave, layout_gridlike, uniq_urug
Swamp:1:  layout_basic_swamp, ebering_ghost_disaster_area,
          hangedman_swamp_blocks
Swamp:2:  layout_falls_marsh, serial_swamp_ruin, evilmike_swamp_ruin_house_4,
          evilmike_swamp_ruin_house_5, hangedman_swamp_ruin_hall,
          grunt_lady_of_the_lake, uniq_donald, uniq_frances
Swamp:3:  layout_basic_swamp, ebering_ghost_inner_flame,
          infiniplex_staircase_pool, uniq_mara
Swamp:4:  swamp_icy, layout_basic_swamp, uniq_nikola
Spider:1: layout_spider_delve, gammafunk_ghost_necromancy, drop_trap,
          hellmonk_test_site
Spider:2: layout_spider_delve, hangedman_spider_tarantella_strand
Spider:3: layout_spider_delve, uniq_roxanne, uniq_arachne
Spider:4: floodkiller_spider_rune_tomb, hellmonk_narrow_tunnel, uniq_agnes
Orc:1:    layout_caves, uniq_harold
Orc:2:    st_orc_open, layout_caves, abandoned_shop
Elf:1:    elf_arrival_001, layout_loops_corners, serial_shops, shop,
          minmay_elf_demonology, nicolae_elf_v_pinch, grunt_megastairs_3
Elf:2:    elven_hall_of_blades_hangedman_original [nicolae_blade_tridents],
          layout_geoelf_octagon, lemuel_flamethrower_hall
Elf:3:    minmay_elf_hall_four_x, layout_gridlike, drop_trap, grunt_megastairs_5

Skill      XL: |  1  2  3  4  5  6  7  8  9 10 11 12 13 14 15 16 17 18 19 |
---------------+----------------------------------------------------------+-----
Conjurations   | 2 3 4 5 6 7 8 9 10 11 | 11.8
Summonings     | 2 3 4 5 6 7 8 9 10 11 | 11.8
Translocations | 2 3 4 5 6 7 8 9 10 11 | 11.8
Invocations    | 1 2 3 4 5 6 7 8 9 10 11 12 13 14 | 14.8
Fighting       | 1 2 3 4 5 6 7 8 9 10 11 12 13 14 | 14.8
Short Blades   | 1 2 3 4 5 6 7 8 9 10 11 12 13 | 13.7
Long Blades    | 1 2 3 4 5 6 7 8 9 10 11 12 13 | 13.7
Axes           | 1 2 3 4 5 6 7 8 9 10 11 12 13 | 13.7
Maces & Flails | 1 2 3 4 5 6 7 8 9 10 11 12 13 | 13.7
Polearms       | 1 2 3 4 5 6 7 8 9 10 11 12 13 | 13.7
Staves         | 1 2 3 4 5 6 7 8 9 10 11 12 13 | 13.7
Slings         | 1 2 3 4 5 6 7 8 9 10 11 12 13 | 13.7
Bows           | 1 2 3 4 5 6 7 8 9 10 11 12 13 | 13.7
Crossbows      | 1 2 3 4 5 6 7 8 9 10 11 12 13 | 13.7
Throwing       | 1 2 3 4 5 6 7 8 9 10 11 12 13 | 13.7
Armour         | 1 2 3 4 5 6 7 8 9 10 11 12 13 | 13.7
Shields        | 1 2 3 4 5 6 7 8 9 10 11 12 13 | 13.7
Unarmed Combat | 1 2 3 4 5 6 7 8 9 10 11 12 13 | 13.7
Evocations     | 1 2 3 4 5 6 7 8 9 10 11 12 13 | 13.7
Hexes          | 1 2 3 4 5 6 7 8 9 10 11 | 11.6
Necromancy     | 1 2 3 4 5 6 7 8 9 10 11 | 11.6
Transmutations | 1 2 3 4 5 6 7 8 9 10 11 | 11.6
Fire Magic     | 1 2 3 4 5 6 7 8 9 10 11 | 11.6
Ice Magic      | 1 2 3 4 5 6 7 8 9 10 11 | 11.6
Air Magic      | 1 2 3 4 5 6 7 8 9 10 11 | 11.6
Earth Magic    | 1 2 3 4 5 6 7 8 9 10 11 | 11.6
Poison Magic   | 1 2 3 4 5 6 7 8 9 10 11 | 11.6
Dodging        | 5 6 7 8 9 10 11 12 13 14 | 14.4
Stealth        | 5 6 7 8 9 10 11 12 13 14 | 14.3
Spellcasting   | 8 9 10 11 12 13 14 15 | 15.3

Action                   |  1- 3 |  4- 6 |  7- 9 | 10-12 | 13-15 | 16-18 | 19-21 || total
-------------------------+-------+-------+-------+-------+-------+-------+-------++-------
Melee: Dagger            |     9 |       |       |       |       |       |       ||     9
       Short sword       |    39 |       |       |       |       |       |       ||    39
       Bite              |     5 |    11 |    28 |    29 |    84 |   178 |    97 ||   432
       Staff             |     1 |    51 |       |       |    25 |    14 |       ||    91
       Punch             |       |     3 |     5 |       |       |       |       ||     8
       Trident           |       |    58 |   143 |   172 |   575 |   902 |    51 ||  1901
       Unarmed           |       |     4 |       |       |       |       |       ||     4
       War axe           |       |       |   104 |    54 |       |       |       ||   158
       Hand axe          |       |       |     8 |       |       |       |       ||     8
       Rapier            |       |       |       |       |     2 |       |    42 ||    44
       Quick blade       |       |       |       |       |       |       |   418 ||   418
 Fire: Fustibalus        |       |       |       |       |       |    26 |       ||    26
Throw: Dart              |     5 |     1 |       |    13 |     2 |     3 |     5 ||    29
 Cast: Magic Dart        |    24 |    11 |     4 |    11 |     1 |       |       ||    51
       Call Imp          |     5 |    14 |    18 |    13 |       |       |       ||    50
       Foxfire           |     6 |       |    21 |       |       |       |       ||    27
       Mephitic Cloud    |     1 |     9 |    19 |    62 |    36 |     7 |     3 ||   137
       Blink             |       |       |    11 |    19 |    30 |    43 |    12 ||   115
       Searing Ray       |       |       |    15 |    51 |     7 |       |       ||    73
       Flame Wave        |       |       |       |    20 |    11 |     7 |       ||    38
       Olgreb's Toxic Ra |       |       |       |    30 |   146 |   152 |    90 ||   418
       Swiftness         |       |       |       |     1 |       |     1 |       ||     2
       Lee's Rapid Decon |       |       |       |    12 |    17 |     4 |       ||    33
       Passwall          |       |       |       |     5 |     1 |     2 |       ||     8
       Petrify           |       |       |       |     1 |     5 |       |       ||     6
       Ensorcelled Hiber |       |       |       |       |     2 |       |       ||     2
       Dragon's Call     |       |       |       |       |     2 |     2 |     3 ||     7
       Ignition          |       |       |       |       |     1 |     1 |       ||     2
       Summon Lightning  |       |       |       |       |    35 |    60 |    19 ||   114
       Summon Cactus Gia |       |       |       |       |    17 |   124 |    52 ||   193
       Ozocubu's Refrige |       |       |       |       |       |    32 |    24 ||    56
       Statue Form       |       |       |       |       |       |    10 |     1 ||    11
       Enfeeble          |       |       |       |       |       |    28 |     7 ||    35
       Ignite Poison     |       |       |       |       |       |    10 |    34 ||    44
       Death Channel     |       |       |       |       |       |       |     2 ||     2
Invok: Divine Exegesis   |       |       |       |       |     3 |     3 |     3 ||     9
       Forget Spell      |       |       |       |       |     1 |     4 |       ||     5
       Channel Magic     |       |       |       |       |     1 |     5 |     2 ||     8
Evoke: Wand              |       |       |       |     6 |     3 |     5 |     5 ||    19
       Lightning rod     |       |       |       |       |       |     6 |     6 ||    12
       Phial of floods   |       |       |       |       |       |     2 |     2 ||     4
       Condenser vane    |       |       |       |       |       |       |     1 ||     1
  Use: Scroll            |     1 |     3 |    13 |     7 |    14 |    13 |     7 ||    58
       Potion            |       |       |     7 |     5 |     7 |     6 |     4 ||    29
 Stab: Sleeping          |     7 |     2 |     5 |     2 |    10 |    14 |     9 ||    49
       Confused          |       |     1 |    10 |    20 |    12 |       |     4 ||    47
       Distracted        |       |       |       |     2 |     4 |    14 |     3 ||    23
       Petrified         |       |       |       |       |     5 |       |       ||     5
       Invisible         |       |       |       |       |       |    11 |     4 ||    15
       Paralysed         |       |       |       |       |       |     3 |       ||     3
Armor: Robe              |     9 |    10 |       |       |       |       |       ||    19
       Ring mail         |       |    16 |   104 |       |       |       |       ||   120
       Skin              |       |     9 |       |       |       |   122 |    13 ||   144
       Steam dragon scal |       |       |     7 |   136 |    17 |       |       ||   160
       Troll leather arm |       |       |       |       |   157 |       |    62 ||   219
       Animal skin       |       |       |       |       |    89 |   366 |   112 ||   567
Dodge: Dodged            |    45 |    62 |   188 |   245 |   393 |   949 |   205 ||  2087
Block: Buckler           |       |       |     6 |    90 |   178 |   405 |   147 ||   826

Table legend: (Time is in decaauts)
 A = Elapsed time spent in this place.
 B = Non-inter-level travel time spent in this place.
 C = Inter-level travel time spent in this place.
 D = Time resting spent in this place.
 E = Time spent auto-exploring this place.
 F = Levels seen in this place.
 G = Mean time per level.
                   A        B        C        D        E       F      G
               +--------+--------+--------+--------+--------+-----+--------+
         Total |  59529 |  56691 |   2838 |  20645 |  19058 |  35 | 1700.8 |
       Dungeon |  27128 |  25956 |   1172 |  10026 |   9145 |  15 | 1808.5 |
        Temple |    174 |    158 |     16 |      0 |    107 |   1 |  174.0 |
          Lair |   8703 |   8000 |    703 |   1525 |   3743 |   6 | 1450.5 |
         Swamp |   5108 |   4874 |    234 |   1454 |   1589 |   4 | 1277.0 |
   Spider Nest |  10732 |  10454 |    278 |   5414 |   2072 |   4 | 2683.0 |
  Orcish Mines |   2752 |   2575 |    177 |    698 |    777 |   2 | 1376.0 |
   Elven Halls |   4929 |   4673 |    256 |   1527 |   1625 |   3 | 1643.0 |
               +--------+--------+--------+--------+--------+-----+--------+

Top non-repeatable levels by time:
    D:10: 4458 daAuts
Spider:4: 4428 daAuts
    D:11: 3880 daAuts
Spider:3: 2937 daAuts
   Elf:2: 2748 daAuts
  Lair:6: 2356 daAuts
Spider:2: 2349 daAuts
     D:3: 2348 daAuts
     D:7: 1983 daAuts
  Lair:5: 1961 daAuts
   Elf:1: 1940 daAuts
   Orc:1: 1889 daAuts
     D:6: 1816 daAuts
    D:15: 1734 daAuts
 Swamp:4: 1631 daAuts
